 Dungeon Crawl Stone Soup version 0.26-a0-505-g732bf3b8d2 (webtiles) character file.

Game seed: 11839499603527687035

4252 Gargoyl the Fighter (level 10, 0/82 HPs)
             Began as a Gnoll Abyssal Knight on Aug 9, 2020.
             Was a Priest of Lugonu.
             Slain by a crocodile (3 damage)
             ... on level 7 of the Dungeon.
             The game lasted 00:16:05 (11447 turns).

Gargoyl the Fighter (Gnoll Abyssal Knight)         Turns: 11447, Time: 00:16:05

Health: 0/82       AC: 17    Str: 14    XL:     10   Next: 31%
Magic:  9/17       EV: 10    Int: 15    God:    Lugonu [***...]
Gold:   500        SH:  0    Dex: 24    Spells: 19/19 levels left

rFire    . . .     SeeInvis .   x - +2 hand axe
rCold    . . .     Faith    .   (no shield)
rNeg     . . .     Spirit   .   n - +0 chain mail
rPois    +         Reflect  .   t - +2 helmet
rElec    .         Harm     .   a - +0 cloak
rCorr    .                      (no gloves)
MR       .....                  d - +1 pair of boots
Stlth    ..........             l - amulet of regeneration
HPRegen  0.63/turn              c - +6 ring of dexterity
MPRegen  0.15/turn              u - ring of poison resistance

@: lethally poisoned (0 -> 0)
A: distributed training, fangs 1, strong nose
a: Depart the Abyss, Bend Space, Banish, Renounce Religion


You were on level 7 of the Dungeon.
You worshipped Lugonu.
Lugonu was most pleased with you.
You visited 1 branch of the dungeon, and saw 7 of its levels.
You visited the Abyss 1 time.
You also visited: Bailey.

You collected 500 gold pieces.

Inventory:

Hand Weapons
 k - a +0 war axe
 x - a +2 hand axe (weapon)
Missiles
 g - 25 boomerangs (quivered)
Armour
 a - a +0 cloak (worn)
 d - a +1 pair of boots (worn)
 n - a +0 chain mail (worn)
 t - a +2 helmet (worn)
Jewellery
 c - a +6 ring of dexterity (left hand)
 l - an amulet of regeneration (around neck)
 u - a ring of poison resistance (right hand)
 z - the ring of Hones {rN++ AC+4 Int+3 Dex-3 SInv}
   (You took it off a wight on level 7 of the Dungeon)

   [ring of protection]

   It affects your AC (+4).
   It affects your intelligence (+3).
   It affects your dexterity (-3).
   It greatly protects you from negative energy.
   It lets you see invisible.
Wands
 o - a wand of flame (16)
Scrolls
 i - 4 scrolls of teleportation
 j - 2 scrolls of fog
 m - a scroll of enchant weapon {unknown}
 p - 3 scrolls of fear
 v - 3 scrolls of identify
 y - a scroll of magic mapping
Potions
 b - 5 potions of stabbing
 e - a potion of haste
 f - 5 potions of curing
 h - 3 potions of heal wounds
 q - a potion of lignification
 r - 2 potions of magic
 s - a potion of might {unknown}
 w - a potion of cancellation


   Skills:
 + Level 8.4 Fighting
 + Level 5.1 Short Blades
 + Level 5.1 Long Blades
 + Level 7.0 Axes
 + Level 5.1 Maces & Flails
 + Level 5.1 Polearms
 + Level 5.1 Staves
 + Level 5.1 Slings
 + Level 5.1 Bows
 + Level 5.1 Crossbows
 + Level 5.1 Throwing
 + Level 7.0 Armour
 + Level 5.8 Dodging
 + Level 5.1 Stealth
 + Level 5.1 Shields
 + Level 5.1 Unarmed Combat
 + Level 5.1 Spellcasting
 + Level 4.2 Conjurations
 + Level 4.2 Hexes
 + Level 4.2 Summonings
 + Level 4.2 Necromancy
 + Level 4.2 Translocations
 + Level 4.2 Transmutations
 + Level 4.2 Fire Magic
 + Level 4.2 Ice Magic
 + Level 4.2 Air Magic
 + Level 4.2 Earth Magic
 + Level 4.2 Poison Magic
 + Level 7.3 Invocations
 + Level 5.1 Evocations


You had 19 spell levels left.
You didn't know any spells.
Your spell library contained the following spells:

 Spells                   Type           Power        Failure   Level
 Animate Skeleton         Necr           ###...       45%         1
 Apportation              Tloc           ###...       45%         1
 Corona                   Hex            ###....      45%         1
 Summon Small Mammal      Summ           ###.         45%         1
 Call Imp                 Summ           ###.....     58%         2
 Call Canine Familiar     Summ           ###.....     83%         3
 Summon Guardian Golem    Hex/Summ       ###.....     83%         3
 Summon Ice Beast         Ice/Summ       ###.....     99%         4
 Summon Lightning Spire   Summ/Air       ###.....     99%         4


Dungeon Overview and Level Annotations

Branches:
Dungeon (7/15)             Temple (0/1) D:4          Bailey (visited)

Altars:
Cheibriados
Nemelex Xobeh
Ru
Sif Muna
Yredelemnul
The Shining One

Annotations:
D:7 corrupted, dogbrainedIDIOT's ghost, novice TrCj


Innate Abilities, Weirdness & Mutations

Your experience applies equally to all skills.
You have very sharp teeth.
Your uncanny sense of smell can sniff out nearby items.


Message History

The crocodile bites you.
* * * LOW HITPOINT WARNING * * *
The crocodile bites you but does no damage.
The killer bee closely misses you. The crocodile bites you.
* * * LOW HITPOINT WARNING * * *
There is a transporter here.
You enter the transporter and appear at another place.
The killer bee stings you.
* * * LOW HITPOINT WARNING * * *
The killer bee barely misses you. The crocodile bites you.
* * * LOW HITPOINT WARNING * * *
The crocodile bites you!
* * * LOW HITPOINT WARNING * * *
The killer bee barely misses you.
Okay, then.
Okay, then.
Lugonu's Hand of Corruption reaches out!
You can no longer corrupt the fabric of space.
The crocodile bites you.
You die...

≈.)..#...........###...###.......
≈[...............#....W..##......
)................#...#.#..#......
≈)...............#...#.#..#......
≈..###...X......##.#.....##......
≈..#............#.#...#.$#.....##
...#.#....X.....#.t.#©.=(#©....#
...#.#......#.y###.....#[#.....##
...#.#.#'##....t@#W#y..#.##......
...#.#.#.......t##.y##.#..#......
.#.#...#...3....#©..#...#.#......
.#.#####..#..G..##....#..##......
.#............#..##......#.......
.#####......#.....#####.##.#.....
.#......[.....u.......###..##.###
.#.###.......#...................
#............#..........##.......


You could see 2 crocodiles, a killer bee (berserk), a neutral white very ugly
thing (summoned), a neutral thrashing horror (summoned), a neutral large
abomination (summoned), a neutral ynoxinul (summoned) and a neutral golden eye
(summoned).

Vanquished Creatures
  Maggie (D:7)
  A golden eye (Abyss:1)
  3 orc warriors
  2 sky beasts (D:5)
  2 ice beasts
  An ogre (D:4)
  A necrophage (D:7)
  2 phantoms
  A centaur (D:7)
  Blork the orc (D:4)
  3 big kobolds (D:7)
  3 bullfrogs (D:6)
  2 scorpions
  4 killer bees (D:7)
  5 wights (D:7)
  An electric eel (D:6)
  A howler monkey (D:6)
  2 bullfrog zombies
  2 hounds (D:6)
  3 jellies
  2 gnoll shamans
  Crazy Yiuf (D:5)
  7 orc wizards
  2 iguanas
  4 worker ants
  2 hound zombies
  A hound skeleton (D:7)
  A mummy (D:5)
  Robin (D:4)
  8 gnolls
  6 adders
  A shadow imp (D:6)
  2 white imps (D:5)
  2 ufetubi
  An ooze (D:5)
  An adder zombie (D:6)
  2 adder skeletons
  A dart slug (D:1)
  5 leopard geckos
  22 orcs
  6 giant cockroaches
  9 hobgoblins
  4 jackals (D:2)
  21 kobolds
  2 quokkas
  A ball python (D:3)
  8 bats
  3 frilled lizards
  20 goblins
  A quokka skeleton (D:7)
  8 rats
  A fungus (D:5)
197 creatures vanquished.

Vanquished Creatures (others)
  An orc knight (Bailey)
  2 orc warriors (D:7)
  A sky beast (D:7)
  A goblin (D:7)
5 creatures vanquished.

Grand Total: 202 creatures vanquished

Notes
Turn   | Place    | Note
-------+----------+-------------------------------------------
     0 | Abyss:1  | Gargoyl the Gnoll Abyssal Knight began the quest for the
                  | Orb.
     0 | Abyss:1  | Reached XP level 1. HP: 23/23 MP: 3/3
    97 | Abyss:1  | Noticed a golden eye
   126 | Abyss:1  | Noticed a large abomination
   131 | Abyss:1  | Killed a golden eye
   131 | Abyss:1  | Reached skill level 1 in Short Blades
   131 | Abyss:1  | Reached skill level 1 in Long Blades
   131 | Abyss:1  | Reached skill level 1 in Maces & Flails
   131 | Abyss:1  | Reached skill level 1 in Polearms
   131 | Abyss:1  | Reached skill level 1 in Staves
   131 | Abyss:1  | Reached skill level 1 in Slings
   131 | Abyss:1  | Reached skill level 1 in Bows
   131 | Abyss:1  | Reached skill level 1 in Crossbows
   131 | Abyss:1  | Reached skill level 1 in Throwing
   131 | Abyss:1  | Reached skill level 1 in Stealth
   131 | Abyss:1  | Reached skill level 1 in Shields
   131 | Abyss:1  | Reached skill level 1 in Unarmed Combat
   131 | Abyss:1  | Reached skill level 1 in Spellcasting
   131 | Abyss:1  | Reached skill level 1 in Conjurations
   131 | Abyss:1  | Reached skill level 1 in Hexes
   131 | Abyss:1  | Reached skill level 1 in Summonings
   131 | Abyss:1  | Reached skill level 1 in Necromancy
   131 | Abyss:1  | Reached skill level 1 in Translocations
   131 | Abyss:1  | Reached skill level 1 in Transmutations
   131 | Abyss:1  | Reached skill level 1 in Fire Magic
   131 | Abyss:1  | Reached skill level 1 in Ice Magic
   131 | Abyss:1  | Reached skill level 1 in Air Magic
   131 | Abyss:1  | Reached skill level 1 in Earth Magic
   131 | Abyss:1  | Reached skill level 1 in Poison Magic
   131 | Abyss:1  | Reached skill level 1 in Evocations
   131 | Abyss:1  | Reached XP level 2. HP: 29/29 MP: 5/5
   131 | Abyss:1  | Reached XP level 3. HP: 35/35 MP: 6/6
   131 | Abyss:1  | Reached XP level 4. HP: 41/41 MP: 7/7
   131 | Abyss:1  | Reached XP level 5. HP: 47/47 MP: 8/8
   133 | D:1      | Escaped the Abyss
  1329 | D:2      | Reached ** piety under Lugonu
  1668 | D:2      | Found a sacrificial altar of Ru.
  2441 | D:3      | Reached skill level 5 in Invocations
  2529 | D:3      | Reached XP level 6. HP: 27/53 MP: 9/9
  2908 | D:3      | Found a glowing golden altar of the Shining One.
  2910 | D:3      | Noticed an angel
  2923 | D:3      | Found a basalt altar of Yredelemnul.
  3197 | D:4      | Reached skill level 5 in Axes
  3197 | D:4      | Reached skill level 5 in Armour
  3202 | D:4      | Noticed Robin
  3213 | D:4      | Reached *** piety under Lugonu
  3216 | D:4      | Killed Robin
  3284 | D:4      | Reached XP level 7. HP: 13/59 MP: 10/10
  3571 | D:4      | Reached skill level 7 in Fighting
  3676 | D:4      | Found a staircase to the Ecumenical Temple.
  3707 | D:4      | Noticed Blork the orc
  3735 | D:4      | Killed Blork the orc
  3945 | D:4      | Found a sand-covered staircase.
  4211 | D:5      | Entered Level 5 of the Dungeon
  4711 | D:5      | Reached XP level 8. HP: 58/67 MP: 12/12
  5935 | D:5      | Found a snail-covered altar of Cheibriados.
  7484 | D:6      | Found a sparkling altar of Nemelex Xobeh.
  7769 | D:6      | Reached XP level 9. HP: 62/72 MP: 14/14
  8456 | D:7      | Found a flagged portal.
  8461 | D:7      | Reached **** piety under Lugonu
  8481 | Bailey   | Entered a bailey
  8546 | Bailey   | Noticed an orc warlord
  8934 | Bailey   | Found a runed translucent gate.
  8936 | Bailey   | Found a runed translucent gate.
  8937 | Bailey   | Found a runed translucent gate.
  8944 | Bailey   | Noticed an orc knight
  8970 | Bailey   | Banished an orc knight
  8970 | Bailey   | Reached skill level 5 in Dodging
  9266 | D:7      | Noticed dogbrainedIDIOT's ghost (novice TrCj)
  9276 | D:7      | Found a transporter.
  9278 | D:7      | Noticed a moth of wrath
  9290 | D:7      | Found a transporter.
  9328 | D:7      | HP: 3/74 [wight/+0 halberd (11)]
  9331 | D:7      | Reached skill level 8 in Fighting
 10052 | D:7      | Identified the ring of Hones {rN++ AC+4 Int+3 Dex-3 SInv}
 10257 | D:5      | Found a runed translucent door.
 10258 | D:5      | Noticed Crazy Yiuf
 10266 | D:5      | Killed Crazy Yiuf
 10342 | D:7      | Noticed Maggie
 10387 | D:7      | Killed Maggie
 10387 | D:7      | Reached XP level 10. HP: 55/80 MP: 17/17
 10513 | D:7      | Reached skill level 5 in Short Blades
 10513 | D:7      | Reached skill level 5 in Long Blades
 10513 | D:7      | Reached skill level 5 in Maces & Flails
 10513 | D:7      | Reached skill level 5 in Polearms
 10513 | D:7      | Reached skill level 5 in Staves
 10513 | D:7      | Reached skill level 5 in Slings
 10513 | D:7      | Reached skill level 5 in Bows
 10513 | D:7      | Reached skill level 5 in Crossbows
 10513 | D:7      | Reached skill level 5 in Throwing
 10513 | D:7      | Reached skill level 5 in Stealth
 10513 | D:7      | Reached skill level 5 in Shields
 10513 | D:7      | Reached skill level 5 in Unarmed Combat
 10513 | D:7      | Reached skill level 5 in Spellcasting
 10513 | D:7      | Reached skill level 5 in Evocations
 10982 | D:7      | Found a shimmering blue altar of Sif Muna.
 11447 | D:7      | Corrupted D:7
 11447 | D:7      | Noticed a white very ugly thing
 11447 | D:7      | Noticed a thrashing horror
 11447 | D:7      | Slain by a crocodile

Illustrated notes

Levels and vault maps discovered:
D:1:      dpeg_arrival_concentric_ovals, layout_basic
D:2:      layout_rooms, nicolae_overflow_crystal_walls, minivault_19
D:3:      layout_loops_corners, grunt_temple_overflow_holy_war
D:4:      layout_rooms, minmay_temple_entry_slanted,
          nicolae_ossuary_entry_false_entrances, uniq_blork_the_orc, uniq_robin
D:5:      layout_loops_corners, slow_altar_2, solitary_fountain,
          minmay_circle_x, uniq_crazy_yiuf_cottage
D:6:      layout_layer_cave, nemelex_xobeh_ov_fountains_minmay,
          kennysheep_diamond, kennysheep_generic_room_7
D:7:      layout_basic, kennysheep_mini_moat, gammafunk_ghost_berserking_beasts,
          enter_bailey_3, minmay_joined_circles, uniq_maggie

Skill      XL: |  1  2  3  4  5  6  7  8  9 10 |
---------------+-------------------------------+-----
Short Blades   | 1 2 3 4 5 |  5.1
Long Blades    | 1 2 3 4 5 |  5.1
Maces & Flails | 1 2 3 4 5 |  5.1
Polearms       | 1 2 3 4 5 |  5.1
Staves         | 1 2 3 4 5 |  5.1
Slings         | 1 2 3 4 5 |  5.1
Bows           | 1 2 3 4 5 |  5.1
Crossbows      | 1 2 3 4 5 |  5.1
Throwing       | 1 2 3 4 5 |  5.1
Stealth        | 1 2 3 4 5 |  5.1
Shields        | 1 2 3 4 5 |  5.1
Unarmed Combat | 1 2 3 4 5 |  5.1
Spellcasting   | 1 2 3 4 5 |  5.1
Conjurations   | 1 2 3 4 |  4.2
Hexes          | 1 2 3 4 |  4.2
Summonings     | 1 2 3 4 |  4.2
Necromancy     | 1 2 3 4 |  4.2
Translocations | 1 2 3 4 |  4.2
Transmutations | 1 2 3 4 |  4.2
Fire Magic     | 1 2 3 4 |  4.2
Ice Magic      | 1 2 3 4 |  4.2
Air Magic      | 1 2 3 4 |  4.2
Earth Magic    | 1 2 3 4 |  4.2
Poison Magic   | 1 2 3 4 |  4.2
Evocations     | 1 2 3 4 5 |  5.1
Dodging        | 3 4 5 |  5.8
Invocations    | 5 6 7 |  7.3
Axes           | 5 6 7 |  7.0
Armour         | 5 6 7 |  7.0
Fighting       | 7 8 |  8.4

Action                   |  1- 3 |  4- 6 |  7- 9 | 10-12 || total
-------------------------+-------+-------+-------+-------++-------
Melee: Hand axe          |     8 |    88 |   670 |   153 ||   919
       Dagger            |       |   175 |       |       ||   175
       Bite              |       |    34 |   113 |    21 ||   168
       Punch             |       |       |    15 |     9 ||    24
Throw: Boomerang         |       |       |    28 |       ||    28
Invok: Banish            |       |       |     5 |     1 ||     6
       Bend Space        |       |       |       |     1 ||     1
       Corrupt           |       |       |       |     1 ||     1
  Use: Potion            |     2 |       |    10 |       ||    12
       Scroll            |       |     8 |    10 |       ||    18
 Stab: Sleeping          |       |     3 |     2 |       ||     5
       Invisible         |       |       |     1 |       ||     1
Armor: Ring mail         |       |    81 |    72 |       ||   153
       Chain mail        |       |     8 |   281 |    67 ||   356
       Robe              |       |     7 |       |       ||     7
       Leather armour    |       |     3 |       |       ||     3
       Skin              |       |       |    24 |       ||    24
Dodge: Dodged            |       |   190 |   448 |    60 ||   698

Table legend: (Time is in decaauts)
 A = Elapsed time spent in this place.
 B = Non-inter-level travel time spent in this place.
 C = Inter-level travel time spent in this place.
 D = Time resting spent in this place.
 E = Time spent auto-exploring this place.
 F = Levels seen in this place.
 G = Mean time per level.
                   A        B        C        D        E       F      G
               +--------+--------+--------+--------+--------+-----+--------+
         Total |  11450 |  11055 |    395 |   3234 |   5453 |   9 | 1272.2 |
       Dungeon |  10575 |  10180 |    395 |   2850 |   5234 |   7 | 1510.7 |
         Abyss |    133 |    133 |      0 |      0 |     92 |   1 |  133.0 |
        Bailey |    740 |    740 |      0 |    384 |    127 |   1 |  740.0 |
               +--------+--------+--------+--------+--------+-----+--------+

Top non-repeatable levels by time:
     D:6: 2312 daAuts
     D:7: 2158 daAuts
     D:5: 2035 daAuts
     D:3: 1370 daAuts
     D:4: 1038 daAuts
     D:1: 1004 daAuts
  Bailey: 740 daAuts
     D:2: 657 daAuts
 Abyss:1: 133 daAuts
